 Dungeon Crawl Stone Soup version 0.31.0-11-ge490571c62 (webtiles) character file.

Game seed: 17922118006339823906

41 thiscave3701365 the Chopper (level 3, -3/51 HPs)
             Began as a Minotaur Berserker on Jan 31, 2024.
             Was a Follower of Trog.
             Slain by Terence
             ... wielding a +2 short sword of protection
              (10 damage)
             ... on level 3 of the Dungeon.
             The game lasted 00:01:05 (757 turns).

thiscave3701365 the Chopper (Minotaur Berserker)     Turns: 757, Time: 00:01:06

Health: -3/51      AC:  2    Str: 23    XL:     3   Next: 32%
Magic:  2/2        EV: 12    Int:  4    God:    Trog [*.....]
Gold:   41         SH:  0    Dex:  9    Spells: 2/2 levels left

rFire   . . .        a - +0 hand axe
rCold   . . .        (no shield)
rNeg    . . .        b - +0 animal skin
rPois   .            (helmet restricted)
rElec   .            (no cloak)
rCorr   .            (no gloves)
SInv    .            (no boots)
Will    .....        (no amulet) Stlth
                     g - ring of flight
HPRegen 0.28/turn    (no ring)
MPRegen 0.08/turn

%: no passive effects
@: berserking, flying, very quick
A: horns 2, retaliatory headbutt
a: Renounce Religion, Berserk


You were on level 3 of the Dungeon.
You worshipped Trog.
Trog was aware of your devotion.
You visited 1 branch of the dungeon, and saw 3 of its levels.

You collected 41 gold pieces.

Inventory:

Hand Weapons
 a - a +0 hand axe (weapon)
Armour
 b - a +0 animal skin (worn)
Jewellery
 c - a ring of magical power
 g - a ring of flight (left hand)
 i - a ring of resist corrosion
Scrolls
 d - a scroll of enchant weapon {unknown}
 e - a scroll of fear {unknown}
 f - 2 scrolls of identify {unknown}
 h - a scroll of amnesia {unknown}
 k - a scroll of fog {unknown}
 n - a scroll of noise {unknown}
 o - a scroll of immolation {unknown}
Potions
 j - a potion of haste {unknown}
 l - 2 potions of invisibility {unknown}
 m - a potion of curing {unknown}


   Skills:
 + Level 4.3 Fighting
 + Level 4.4 Axes
 + Level 2.6 Armour
 + Level 2.5 Dodging


You had 2 spell levels left.
You didn't know any spells.
Your spell library was empty.

Dungeon Overview and Level Annotations

Branches:
Dungeon (3/15)

Altars:

Shops:
D:2 *

Annotations:
D:3 Terence


Innate Abilities, Weirdness & Mutations

You have a pair of horns on your head.
You reflexively headbutt those who attack you in melee.


Message History

You hit Terence. You headbutt Terence, but do no damage.
Terence is moderately wounded.
Terence hits you with a +2 short sword of protection!
There are monsters nearby!
Unknown command.
There are monsters nearby!
You hit Terence but do no damage.
Terence is moderately wounded.
Terence hits you with a +2 short sword of protection.
There are monsters nearby!
You are too injured to fight recklessly!
Nothing quivered!
You are too injured to fight recklessly!
A red film seems to cover your vision as you go berserk!
You feel yourself moving faster!
You feel mighty!
Terence hits you with a +2 short sword of protection!
* * * LOW HITPOINT WARNING * * *
The adder misses you.
You slash Terence!
Terence is severely wounded.
You miss the adder. You hit Terence.
Terence is almost dead.
You slash the adder! The adder bites you.
* * * LOW HITPOINT WARNING * * *
Terence hits you with a +2 short sword of protection.
* * * LOW HITPOINT WARNING * * *
The adder barely misses you. You furiously retaliate!
You headbutt the adder!
You kill the adder!
Trog accepts your kill.
You hit Terence but do no damage.
Terence is almost dead.
Terence hits you with a +2 short sword of protection.
* * * LOW HITPOINT WARNING * * *
Unknown command.
You hit Terence but do no damage. Your headbutt misses Terence.
Terence is almost dead.
Terence hits you with a +2 short sword of protection!
You die...
Terence says, "That felt goooood."

... ... #.# #!#
#.# #S# #@#
#@#######
##.#######.†......
.......[........[.
#.......########.
#######.# #.#
#######.####.##
#.............#
####.#####.####.##


You could see Terence and an adder.

Vanquished Creatures
  3 adders
  A dart slug (D:2)
  3 bats
  An endoplasm (D:2)
  A giant cockroach (D:2)
  2 ball pythons
  2 kobolds
  2 rats (D:2)
15 creatures vanquished.

Notes
Turn   | Place    | Note
-------+----------+-------------------------------------------
     0 | D:1      | thiscave3701365 the Minotaur Berserker began the quest for
                  | the Orb.
     0 | D:1      | Reached XP level 1. HP: 19/19 MP: 0/0
    48 | D:1      | You fall into a shaft and drop 1 floor!
    51 | D:2      | Found Hosuidgh's General Store.
   151 | D:2      | Reached XP level 2. HP: 27/27 MP: 1/1
   183 | D:2      | Reached XP level 3. HP: 10/33 MP: 2/2
   748 | D:3      | Noticed Terence
   757 | D:3      | Slain by Terence

Illustrated notes

Levels and vault maps discovered:
D:1:      lemuel_arrival_funnel, layout_loops_cross
D:2:      layout_rooms, serial_shops, nicolae_shop_peninsula, st_stairs_7
D:3:      layout_loops_ring, nicolae_overflow_squiral,
          dreamdust_ecumenical_altar_drowned_temple, uniq_terence

Skill      XL: |  1  2 |
---------------+-------+-----
Axes           | 4 |  4.4
Fighting       | 4 |  4.3
Armour         | |  2.6
Dodging        | |  2.5

Action                     || total
---------------------------++-------
  Melee: Hand axe          ||    42
         Headbutt          ||     6
 Invoke: Berserk           ||     1
 Armour: Animal skin       ||    26
  Dodge: Dodged            ||    27
